 Dungeon Crawl Stone Soup version 0.20-a0-923-g548304e (webtiles) character file.

29 HeyBub the Slasher (level 3, -3/33 HPs)
             Began as a Minotaur Monk on Mar 26, 2017.
             Slain by a worm (12 damage)
             ... on level 2 of the Dungeon.
             The game lasted 00:01:09 (809 turns).

HeyBub the Slasher (Minotaur Monk)                   Turns: 809, Time: 00:01:09

Health: -3/33      AC:  4    Str: 15    XL:     3   Next: 1%
Magic:  2/2        EV: 13    Int:  7    God:
Gold:   54         SH:  0    Dex: 13    Spells: 2/2 levels left

rFire    . . .     SeeInvis .   a - +1 falchion
rCold    . . .     Gourm    .   (no shield)
rNeg     . . .     Faith    .   b - +1 robe
rPois    .         Spirit   .   (helmet restricted)
rElec    .         Reflect  .   (no cloak)
rCorr    .         Harm     .   l - +0 pair of gloves (curse)
MR       .....                  (no boots)
Stlth    ++........             (no amulet)
Regen    0.2/turn               (no ring)
MPRegen  0.1/turn               (no ring)

@: lethally poisoned (-3 -> -12)
A: retaliatory headbutt, horns 2
a: no special abilities


You were on level 2 of the Dungeon.
You were not hungry.

You visited 1 branch of the dungeon, and saw 2 of its levels.

You collected 54 gold pieces.

Inventory:

Hand Weapons
 a - a +1 falchion (weapon)
Missiles
 f - 6 tomahawks of dispersal (quivered)
Armour
 b - a +1 robe (worn)
 l - a cursed +0 pair of gloves (worn)
Scrolls
 e - a scroll of teleportation
 h - a scroll of remove curse {unknown}
 o - a scroll of fear
Potions
 g - a potion of curing {unknown}
 i - a potion of lignification {unknown}
 m - a potion of cancellation {unknown}
Comestibles
 c - a bread ration
 d - 4 fruits


   Skills:
 + Level 3.9 Fighting
 + Level 4.1 Long Blades
 + Level 3.7 Dodging
 + Level 1.9 Stealth


You had 2 spell levels left.
You didn't know any spells.

Dungeon Overview and Level Annotations

Branches:
Dungeon (2/15)

Altars:
Okawaru
Trog
Yredelemnul


Innate Abilities, Weirdness & Mutations

You reflexively headbutt those who attack you in melee.
You have a pair of horns on your head.


Message History

You feel sick. The adder bites you. x2
You are lethally poisoned!
The adder poisons you! The worm bites you.
You are too injured to fight recklessly!
You barely miss the adder. Your headbutt misses the adder.
The adder is severely wounded.
You feel sick. The adder bites you.
You barely miss the adder. You headbutt the adder.
You kill the adder!
Your Long Blades skill increases to level 4!
You have reached level 3!
Your experience leads to an increase in your attributes!
Increase (S)trength, (I)ntelligence, or (D)exterity?
You feel agile.
You feel sick. The worm bites you but does no damage.
You hit the worm.
The worm is moderately wounded.
* * * LOW HITPOINT WARNING * * *
You feel sick. The worm bites you!
You die...

*,,*
**,_..)_.##*,***,*****
*,,***.........#*,***,*
*,,**,....⌠....#,,,**,*
*,,**,..........***,*,*
****,,,,,#........#* **,,#
,,,,,,,,*#..._....# *,.#
,,,,,**,*##.....#.## **..#
*******,*#....<.w..###...#
**<,.......@.#...#,,*
******,,,#.........####,,*
,,,,,,,,,..........# *,,*
******,,,#.......#.# *,,*
**,,.......##.# *,,*
*******,*###....*#.#***,,*
,,,,,,,,* ####.,...,,,,,*
********* ##*###******


You could see a worm.

Vanquished Creatures
  An adder (D:2)
  A leopard gecko (D:1)
  2 bats (D:1)
  A giant cockroach (D:1)
  3 goblins (D:1)
  2 hobgoblins (D:1)
  A frilled lizard (D:1)
  5 kobolds (D:1)
  4 rats (D:1)
20 creatures vanquished.

Notes
Turn   | Place    | Note
-------+----------+-------------------------------------------
     0 | D:1      | HeyBub the Minotaur Monk began the quest for the Orb.
     0 | D:1      | Reached XP level 1. HP: 19/19 MP: 0/0
   383 | D:1      | Reached XP level 2. HP: 25/27 MP: 1/1
   790 | D:2      | Found an iron altar of Okawaru.
   796 | D:2      | Found a basalt altar of Yredelemnul.
   796 | D:2      | Found a bloodstained altar of Trog.
   808 | D:2      | Reached skill level 4 in Long Blades
   808 | D:2      | Reached XP level 3. HP: 12/33 MP: 2/2
   809 | D:2      | Slain by a worm

Vault maps used:
D:1:      dpeg_arrival_circle_labyrinth_a, minmay_split_cup_small
D:2:      grunt_temple_overflow_open, minmay_hedge_maze,
          kennysheep_okawaru_gauntlet, uniq_jessica

Skill      XL: |  1  2 |
---------------+-------+-----
Long Blades    | 4 |  4.1
Fighting       | |  3.9
Dodging        | |  3.7
Stealth        | |  1.9

Action                   || total
-------------------------++-------
Melee: Falchion          ||    48
       Headbutt          ||     5
  Use: Scroll            ||     6
 Stab: Sleeping          ||     3
Armor: Robe              ||    10
Dodge: Dodged            ||    22
       Rpst.: Falchion   ||     2
